 Dungeon Crawl Stone Soup version 0.30.1-9-gdf580d7c3d (webtiles) character file.

Game seed: 17460870315215464320

119 booth the Chopper (level 4, -2/34 HPs)
             Began as a Demonspawn Gladiator on Oct 18, 2023.
             Slain by a gnoll
             ... wielding a +0 halberd
              (8 damage)
             ... on level 2 of the Dungeon.
             The game lasted 00:07:58 (1674 turns).

booth the Chopper (Demonspawn Gladiator)            Turns: 1674, Time: 00:07:59

Health: -2/34      AC:  4    Str: 14    XL:     4   Next: 74%
Magic:  4/4        EV: 12    Int: 13    God:
Gold:   40         SH:  0    Dex: 15    Spells: 3/3 levels left

rFire   . . .        a - +0 war axe (elec)
rCold   . . .        (no shield)
rNeg    . . .        b - +0 leather armour
rPois   .            c - +0 helmet
rElec   .            (no cloak)
rCorr   .            (no gloves)
SInv    .            (no boots)
Will    +....        (no amulet)
Stlth   +            p - ring of willpower
HPRegen 0.25/turn    (no ring)
MPRegen 0.09/turn

%: no passive effects
@: no status effects
A: spiny 1, big brain 1
a: no special abilities


You were on level 2 of the Dungeon.
You visited 1 branch of the dungeon, and saw 2 of its levels.

You collected 40 gold pieces.

Inventory:

Hand Weapons
 a - a +0 war axe of electrocution (weapon)
 j - a +0 mace
Missiles
 d - 3 throwing nets (quivered)
 e - a javelin
Armour
 b - a +0 leather armour (worn)
 c - a +0 helmet (worn)
Jewellery
 p - a ring of willpower (left hand)
Scrolls
 g - a scroll of summoning {unknown}
 h - a scroll of vulnerability {unknown}
 i - a scroll of amnesia
 l - a scroll of fog
 m - a scroll of enchant weapon {unknown}
Potions
 f - 2 potions of lignification
 k - a potion of mutation {unknown}
 n - a potion of haste {unknown}
 o - a potion of might {unknown}


   Skills:
 + Level 2.8 Fighting
 * Level 3.8 Axes
 + Level 2.5 Throwing
 + Level 3.3 Dodging


You had 3 spell levels left.
You didn't know any spells.
Your spell library was empty.

Dungeon Overview and Level Annotations

Branches:
Dungeon (2/15)

Altars:


Innate Abilities, Weirdness & Mutations

You are partially covered in sharp spines.
You have an unusually large brain. (Int +2)


Message History

A hobgoblin comes into view.
You slash the hobgoblin!
You kill the hobgoblin!
You see here a hobgoblin corpse.
Found a stone staircase leading down.
A gnoll comes into view. It is wielding a +0 spear.
The gnoll shouts!
You hear a shout!
A gnoll comes into view. It is wielding a +0 halberd.
A gnoll comes into view. It is wielding a +0 spear.
The gnoll moves out of view.
The gnoll shouts!
The gnoll barely misses you. x2
You closely miss the gnoll. The gnoll is struck by your spines.
The gnoll hits you with a +0 spear.
A gnoll comes into view. It is wielding a +0 spear.
The gnoll misses you.
You hit the gnoll. Lightning courses through the gnoll!
You kill the gnoll!
The gnoll barely misses you. The gnoll is struck by your spines.
The gnoll closely misses you. x2
The gnoll hits you from afar with a +0 spear!
Things that are here:
a +0 spear; a gnoll corpse You slash the gnoll!
The gnoll is severely wounded.
You slash the gnoll! The gnoll misses you. The gnoll is struck by your spines.
You kill the gnoll!
The gnoll closely misses you. The gnoll hits you with a +0 halberd!
The gnoll hits you from afar with a +0 spear.
The gnoll hits you with a +0 spear!
* * * LOW HITPOINT WARNING * * *
The gnoll is struck by your spines. The gnoll closely misses you.
Things that are here:
a +0 spear; a gnoll corpse Unknown command.
You barely miss the gnoll.
The gnoll is almost dead.
You barely miss the gnoll. The gnoll is struck by your spines.
The gnoll completely misses you. The gnoll hits you with a +0 halberd!
You die...

#.# #.# #####.# #.#
...#.# #.#
#####.#†###.#.. #.#
#.............. #.#
#.###.#.############.#
#.#.....>........#
###.###)################
#.....g@# #..
#>#....g....# #.#
########### #.# #.# #.#
#.# #.# #.# #.#


You could see 2 gnolls.

Vanquished Creatures
  Natasha (D:2)
  3 adders (D:2)
  2 gnolls (D:2)
  A dart slug (D:1)
  2 bats
  4 endoplasms
  A giant cockroach (D:1)
  8 hobgoblins
  4 jackals (D:1)
  5 kobolds
  4 quokkas
  3 ball pythons
  6 rats
44 creatures vanquished.

Notes
Turn   | Place    | Note
-------+----------+-------------------------------------------
     0 | D:1      | booth the Demonspawn Gladiator began the quest for the Orb.
     0 | D:1      | Reached XP level 1. HP: 16/16 MP: 1/1
   173 | D:1      | Gained mutation: You are partially covered in sharp spines.
                  | [demonic ancestry]
   173 | D:1      | Reached XP level 2. HP: 18/22 MP: 2/2
   744 | D:1      | Reached XP level 3. HP: 27/28 MP: 3/3
  1196 | D:2      | Noticed Natasha
  1199 | D:2      | Killed Natasha
  1200 | D:2      | Gained mutation: You have an unusually large brain. (Int
                  | +2) [demonic ancestry]
  1200 | D:2      | Reached XP level 4. HP: 34/34 MP: 4/4
  1674 | D:2      | Slain by a gnoll

Illustrated notes

Levels and vault maps discovered:
D:1:      ncdulo_lavacross, layout_basic, st_stairs_6
D:2:      layout_basic, uniq_natasha

Skill      XL: |  1  2  3 |
---------------+----------+-----
Axes           | 3 |  3.8
Throwing       | 2 |  2.5
Dodging        | 3 |  3.3
Fighting       | |  2.8

Action                     |  1- 3 |  4- 6 || total
---------------------------+-------+-------++-------
  Melee: War axe           |    61 |    26 ||    87
    Use: Scroll            |     5 |       ||     5
   Stab: Sleeping          |       |     1 ||     1
 Armour: Leather armour    |    18 |     9 ||    27
  Dodge: Dodged            |    51 |    19 ||    70
